 Dungeon Crawl Stone Soup version 0.22-a0-407-gb098539 (webtiles) character file.

121 dstrtnsr the Chopper (level 5, -4/70 HPs)
             Began as a Hill Orc Berserker on May 9, 2018.
             Was a Believer of Trog.
             Slain by a gnoll
             ... wielding a +0 spear
              (6 damage)
             ... on level 3 of the Dungeon.
             The game lasted 00:01:20 (1409 turns).

dstrtnsr the Chopper (Hill Orc Berserker)           Turns: 1409, Time: 00:01:21

Health: -4/70      AC:  5    Str: 26    XL:     5   Next: 5%
Magic:  5/5        EV:  8    Int:  7    God:    Trog [**....]
Gold:   111        SH:  9    Dex: 10    Spells: 4/4 levels left

rFire    . . .     SeeInvis .   a - +0 hand axe
rCold    . . .     Gourm    .   f - +0 shield
rNeg     . . .     Faith    .   g - +0 ring mail (curse)
rPois    .         Spirit   .   (no helmet)
rElec    .         Reflect  .   (no cloak)
rCorr    .         Harm     .   (no gloves)
MR       .....                  (no boots)
Stlth    ..........             (no amulet)
HPRegen  0.21/turn              (no ring)
MPRegen  0.09/turn              (no ring)

@: berserking, very quick
A: no striking features
a: Berserk, Trog's Hand, Renounce Religion


You were on level 3 of the Dungeon.
You worshipped Trog.
Trog was pleased with you.
You were very hungry.

You visited 1 branch of the dungeon, and saw 3 of its levels.

You collected 111 gold pieces.

Inventory:

Hand Weapons
 a - a +0 hand axe (weapon)
Armour
 f - a +0 shield (worn)
 g - a cursed +0 ring mail (worn)
 l - a +0 scale mail
Jewellery
 c - an uncursed amulet of the acrobat {unknown}
 h - an uncursed ring of wizardry {unknown}
Scrolls
 d - a scroll of amnesia {unknown}
 j - a scroll of teleportation {unknown}
 k - a scroll of identify {unknown}
 n - a scroll of magic mapping {unknown}
Potions
 b - a potion of curing {unknown}
 i - a potion of brilliance {unknown}
 m - a potion of lignification {unknown}
 p - a potion of might {unknown}
Comestibles
 e - a ration {!d}
 o - 2 chunks of flesh


   Skills:
 + Level 4.6 Fighting
 * Level 6.0 Axes
 - Level 2.1 Armour
 - Level 1.5 Dodging
 + Level 2.0 Shields


You had 4 spell levels left.
You didn't know any spells.

Dungeon Overview and Level Annotations

Branches:
Dungeon (3/15)

Altars:

Annotations:
D:3 azzavlup's ghost, amateur DrSk


Message History

No target in view!
No target in view!
No target in view!
No target in view!
No target in view!
No target in view!
No target in view!
No target in view!
No target in view!
No target in view!
No target in view!
You feel yourself speed up.
p - a viscous purple potion You recover from your berserk rage.
Things that are here:
a club; a hobgoblin skeleton
Found 15 arrows.
You now have 111 gold pieces (gained 10).
Found 15 stones.
An orc comes into view. It is wielding a hand axe.
The orc shouts!
An orc is nearby!
Okay, then.
A gnoll comes into view. It is wielding a spear.
The gnoll shouts!
You hear a shout! x2
The orc hits you but does no damage.
You closely miss the orc. You block the orc's attack.
You hit the orc.
The orc is heavily wounded.
You block the gnoll's attack. The orc barely misses you.
A gnoll comes into view. It is wielding a flail.
You hit the orc.
You kill the orc!
Trog accepts your kill.
The gnoll hits you from afar with a spear.
A gnoll comes into view. It is wielding a spear.
You block the gnoll's attack.
Things that are here:
a hand axe; an orc corpse You hit the gnoll.
The gnoll is moderately wounded.
The gnoll hits you with a spear. The gnoll hits you with a spear!
You closely miss the gnoll.
The gnoll is moderately wounded.
You hit the gnoll.
The gnoll is heavily wounded.
The gnoll closely misses you.
You hit the gnoll.
You kill the gnoll!
Trog accepts your kill.
Your Shields skill increases to level 2!
You block the gnoll's attack.
The gnoll hits you from afar with a spear.
You block the gnoll's attack.
You see here a flail.
You slash the gnoll!
The gnoll is almost dead.
The gnoll hits you from afar with a spear.
The gnoll barely misses you.
Your shield and ring mail prevent you from hitting the gnoll.
The gnoll is almost dead.
You block the gnoll's attack. The gnoll hits you with a spear.
* * * LOW HITPOINT WARNING * * *
You are too injured to fight recklessly!
You are too injured to fight recklessly!
You are too injured to fight recklessly!
You are too injured to fight recklessly!
You are too injured to fight recklessly!
You are too injured to fight recklessly!
You are too injured to fight recklessly!
You are too injured to fight recklessly!
You are too injured to fight recklessly!
A red film seems to cover your vision as you go berserk!
You feel yourself moving faster!
You feel mighty!
You are feeling very hungry.
The gnoll hits you from afar with a spear.
* * * LOW HITPOINT WARNING * * *
The gnoll hits you with a spear.
* * * LOW HITPOINT WARNING * * *
You are too injured to fight recklessly!
Your shield prevents you from hitting the gnoll.
The gnoll is almost dead.
The gnoll hits you with a spear.
* * * LOW HITPOINT WARNING * * *
You block the gnoll's attack.
You hit the gnoll.
You kill the gnoll!
Trog accepts your kill.
Your Axes skill increases to level 6!
You have reached level 5!
You feel stronger. The gnoll barely misses you.
You see here a spear.
You hit the gnoll.
The gnoll is moderately wounded.
You block the gnoll's attack.
You hit the gnoll.
The gnoll is heavily wounded.
The gnoll hits you with a spear.
You die...

....#.# ## #.#
#.#.#.# #. #.#
#.#.#(# #. #.#
#.#.#.# #. #.#
#.#.#.###. #.#
#.#....... #.#
#......... #g#
#.###.#### #@# #.#
#.#### #)# #.# #.. ..
#)#######.#######.
#.................
#.##....####.#######.
#..............# #.
####....####.#.# #.
##...# #.#.# #. #...#
#.#.#####.


You could see a gnoll.

Vanquished Creatures
  An orc priest (D:3)
  3 adders (D:2)
  2 gnolls (D:3)
  A worm (D:3)
  A dart slug (D:2)
  A leopard gecko (D:3)
  6 orcs (D:3)
  2 bats (D:2)
  2 giant cockroaches
  4 goblins (D:2)
  3 hobgoblins
  4 jackals (D:2)
  A frilled lizard (D:2)
  A kobold (D:1)
  2 rats
34 creatures vanquished.

Vanquished Creatures (others)
  A hobgoblin (D:2)
1 creature vanquished.

Grand Total: 35 creatures vanquished

Notes
Turn   | Place    | Note
-------+----------+-------------------------------------------
     0 | D:1      | dstrtnsr the Hill Orc Berserker began the quest for the Orb.
     0 | D:1      | Reached XP level 1. HP: 19/19 MP: 1/1
   205 | D:2      | Reached XP level 2. HP: 27/27 MP: 2/2
   411 | D:2      | Reached skill level 5 in Axes
   411 | D:2      | Reached skill level 1 in Shields
   411 | D:2      | Reached XP level 3. HP: 33/33 MP: 3/3
  1004 | D:3      | Reached ** piety under Trog
  1079 | D:3      | Noticed azzavlup's ghost (amateur DrSk)
  1087 | D:3      | Reached XP level 4. HP: 40/40 MP: 4/4
  1403 | D:3      | HP: 11/41 [gnoll/spear (6)]
  1405 | D:3      | HP: 2/61 [gnoll/spear (5)]
  1406 | D:3      | Reached skill level 6 in Axes
  1406 | D:3      | Reached XP level 5. HP: 2/47 MP: 5/5
  1409 | D:3      | Slain by a gnoll

Vault maps used:
D:1:      ncdulo_watergridlock, minmay_distorted
D:2:      corexii_hall_statues_u, lemuel_flame_loot_1
D:3:      first_ration

Skill      XL: |  1  2  3  4 |
---------------+-------------+-----
Fighting       | 4 |  4.6
Axes           | 5 6 |  6.0
Shields        | 1 2 |  2.0
Armour         | |  2.1
Dodging        | |  1.5

Action                   |  1- 3 |  4- 6 || total
-------------------------+-------+-------++-------
Melee: Hand axe          |    45 |    43 ||    88
Invok: Berserk           |     4 |     2 ||     6
 Stab: Sleeping          |     1 |       ||     1
  Eat: Chunk             |     3 |     3 ||     6
Armor: Animal skin       |     2 |       ||     2
       Ring mail         |     6 |    11 ||    17
Dodge: Dodged            |    17 |    18 ||    35
Block: Shield            |    13 |    18 ||    31

Table legend:
 A = Spawn XP
 B = Non-spawn XP
 C = Spawn XP percentage of total XP
 D = Spawn monster count
 E = Non-spawn monster count
 F = Spawn count percentage of total count
 G = Total turns spent on level
                    A         B        C        D         E        F      G
               +---------+---------+-------+---------+---------+-------+---------
         Total |       0 |     173 |   0.0 |       0 |      34 |   0.0 |  1409
               +---------+---------+-------+---------+---------+-------+---------
           D:1 |       0 |       2 |   0.0 |       0 |       2 |   0.0 |    78
           D:2 |       0 |      71 |   0.0 |       0 |      18 |   0.0 |   948
           D:3 |       0 |     100 |   0.0 |       0 |      14 |   0.0 |   383
               +---------+---------+-------+---------+---------+-------+---------
